 Dungeon Crawl Stone Soup version 0.30-a0-715-gdb4ae3ece1 (webtiles) character file.

Game seed: 210561227816248281

35 Azfaa the Ducker (level 3, -1/21 HPs)
             Began as a Deep Elf Gladiator on Jan 23, 2023.
             Killed from afar by Ijyb (7 damage)
             ... with a puff of flame
             ... on level 2 of the Dungeon.
             The game lasted 00:04:24 (1180 turns).

Azfaa the Ducker (Deep Elf Gladiator)               Turns: 1180, Time: 00:04:25

Health: -1/21      AC:  5    Str: 11    XL:     3   Next: 17%
Magic:  5/5        EV: 19    Int: 12    God:
Gold:   108        SH:  0    Dex: 18    Spells: 2/2 levels left

rFire   . . .      SeeInvis .    a - +0 rapier
rCold   . . .      Faith    .    (no shield)
rNeg    . . .      Spirit   .    b - +0 leather armour
rPois   .          Reflect  .    c - +0 helmet
rElec   .          Harm     .    (no cloak)
rCorr   .          Rampage  .    p - +0 pair of gloves
Will    .....                    (no boots)
Stlth   +                        (no amulet)
HPRegen 0.23/turn                f - +5 ring of evasion
MPRegen 0.09/turn                (no ring)

@: no status effects
A: no striking features
a: no special abilities


You were on level 2 of the Dungeon.
You visited 1 branch of the dungeon, and saw 2 of its levels.

You collected 108 gold pieces.

Inventory:

Hand Weapons
 a - a +0 rapier (weapon)
Missiles
 d - a throwing net (quivered)
 e - a javelin
 i - 6 poisoned darts
Armour
 b - a +0 leather armour (worn)
 c - a +0 helmet (worn)
 h - a +0 ring mail
 p - a +0 pair of gloves (worn)
 u - a +1 robe of willpower
 v - a +1 scale mail of poison resistance
Jewellery
 f - a +5 ring of evasion (left hand)
Wands
 w - a wand of acid (7)
Scrolls
 j - a scroll of fear {unknown}
 k - 3 scrolls of poison
 m - a scroll of amnesia {unknown}
 o - a scroll of immolation {unknown}
 r - a scroll of brand weapon {unknown}
 t - a scroll of enchant armour {unknown}
 x - 2 scrolls of identify
Potions
 g - a potion of resistance {unknown}
 l - a potion of attraction {unknown}
 n - a potion of magic {unknown}
 q - a potion of haste {unknown}
 s - 2 potions of flight {unknown}


   Skills:
 + Level 1.7 Fighting
 + Level 3.3 Short Blades
 + Level 2.1 Throwing
 + Level 0.4 Armour
 * Level 4.5 Dodging


You had 2 spell levels left.
You didn't know any spells.
Your spell library was empty.

Dungeon Overview and Level Annotations

Branches:
Dungeon (2/15)

Altars:

Annotations:
D:2 Ijyb


Message History

You hit the goblin.
You kill the goblin!
You barely miss the goblin.
Ijyb screams, "Me very upset!"
Throw: 3 throwing nets
Press: ? - help, Q - select action, (/) - cycle Shift-Dir - straight line, f - Ijyb
Aim: Ijyb, wielding a +0 club, wearing a +0 leather armour and carrying a wand of flame (16) (55% to hit)
You throw a throwing net. The throwing net hits Ijyb.
Ijyb is caught in the net!
Ijyb struggles against the net.
You puncture Ijyb!
Ijyb is moderately wounded.
Ijyb struggles against the net.
You barely miss Ijyb.
Ijyb is moderately wounded.
Ijyb struggles against the net.
You hit Ijyb.
Ijyb is heavily wounded.
Ijyb struggles against the net.
You hit Ijyb.
Ijyb is heavily wounded.
Ijyb zaps a wand.
The puff of flame hits you!
Ijyb struggles against the net.
The net rips apart, and Ijyb comes free!
You puncture Ijyb!
Ijyb is almost dead.
You closely miss Ijyb.
Ijyb is almost dead.
Ijyb zaps a wand.
The puff of flame hits you!
You miss Ijyb. Your punch misses Ijyb.
Ijyb is almost dead.
Ijyb hits you with a +0 club.
* * * LOW HITPOINT WARNING * * *
Throw: 2 throwing nets
Press: ? - help, Q - select action, (/) - cycle Shift-Dir - straight line, f/p - Ijyb
Aim: Ijyb, wielding a +0 club, wearing a +0 leather armour and carrying a wand of flame (14) (almost dead, 55% to hit)
You throw a throwing net. The throwing net hits Ijyb.
Ijyb is caught in the net!
Ijyb is almost dead.
Ijyb zaps a wand.
The puff of flame hits you!
You die... #....[#.###### #..8.8.8. ####....# #.....).. ####.#.## #........ ........# #........ #####...# #........ #)..# #gg...ggg

#...###### #gg8.8.8.
#####........####g##
................@..#
..............###........
.........)....###..#####.
###.#.....##..##...#
#.#...)†....##.#.#
#.#...#.##.......#
#.......##.###.#.#
#.....#.#...##.#.###### #
#......†.#.#.#........###


You could see Ijyb (caught) and 4 goblins.

Vanquished Creatures
  A worm (D:2)
  3 endoplasms
  2 giant cockroaches (D:1)
  8 goblins
  2 hobgoblins
  A quokka (D:1)
  4 ball pythons
  3 frilled lizards
  2 kobolds (D:1)
  4 rats
30 creatures vanquished.

Notes
Turn   | Place    | Note
-------+----------+-------------------------------------------
     0 | D:1      | Azfaa the Deep Elf Gladiator began the quest for the Orb.
     0 | D:1      | Reached XP level 1. HP: 12/12 MP: 3/3
   455 | D:1      | Reached XP level 2. HP: 17/17 MP: 4/4
   460 | D:1      | Reached skill level 4 in Dodging
  1001 | D:2      | Reached XP level 3. HP: 21/21 MP: 5/5
  1161 | D:2      | Noticed Ijyb
  1180 | D:2      | Killed from afar by Ijyb

Illustrated notes

Levels and vault maps discovered:
D:1:      saegor_arrival_simple_b, layout_basic
D:2:      kennysheep_the_goblin_king, layout_loops_cross, basic_altar

Skill      XL: |  1  2 |
---------------+-------+-----
Dodging        | 4 |  4.5
Fighting       | |  1.7
Short Blades   | |  3.3
Throwing       | |  2.1
Armour         | |  0.4

Action                     || total
---------------------------++-------
  Melee: Rapier            ||   102
  Throw: Throwing net      ||     2
    Use: Scroll            ||     1
   Stab: Sleeping          ||     1
 Armour: Leather armour    ||    10
  Dodge: Dodged            ||    86

Table legend: (Time is in decaauts)
 A = Elapsed time spent in this place.
 B = Non-inter-level travel time spent in this place.
 C = Inter-level travel time spent in this place.
 D = Time resting spent in this place.
 E = Time spent auto-exploring this place.
 F = Levels seen in this place.
 G = Mean time per level.
                   A        B        C        D        E       F      G
               +--------+--------+--------+--------+--------+-----+--------+
         Total |   1184 |   1184 |      0 |    100 |     13 |   2 |  592.0 |
       Dungeon |   1184 |   1184 |      0 |    100 |     13 |   2 |  592.0 |
               +--------+--------+--------+--------+--------+-----+--------+

Top non-repeatable levels by time:
     D:1: 703 daAuts
     D:2: 480 daAuts
